 Dungeon Crawl Stone Soup version 0.31-a0-43-g46d131a48f (webtiles) character file.

Game seed: 12196634365403227494

19030 hadoken the Spear-Bearer (level 12, -16/102 HPs)
             Began as a Merfolk Summoner on May 19, 2023.
             Was a Follower of Uskayaw.
             Demolished by a komodo dragon (25 damage)
             ... on level 2 of the Lair of Beasts.
             The game lasted 00:44:15 (17594 turns).

hadoken the Spear-Bearer (Merfolk Summoner)        Turns: 17594, Time: 00:44:16

Health: -16/102    AC:  8    Str: 11    XL:     12   Next: 64%
Magic:  8/18       EV: 27    Int: 17    God:    Uskayaw [*.....]
Gold:   300        SH:  0    Dex: 14    Spells: 7/19 levels left

rFire   . . .        N - +1 trident (flame)
rCold   . . .        (no shield)
rNeg    . . .        u - +0 leather armour
rPois   .            g - +0 helmet
rElec   .            (no cloak)
rCorr   .            v - +2 pair of gloves
SInv    .            m - +0 pair of boots
Will    .....        x - amulet of the acrobat
Stlth   ++           (no ring)
HPRegen 0.37/turn    (no ring)
MPRegen 0.16/turn

%: acrobat
@: about to teleport, acrobatic, very slightly contaminated
A: (nimble swimmer 2), mertail
a: Renounce Religion, Stomp


You were on level 2 of the Lair of Beasts.
You worshipped Uskayaw.
Uskayaw was noncommittal.
You visited 3 branches of the dungeon, and saw 13 of its levels.
You also visited: Ossuary.

You collected 703 gold pieces.
You spent 403 gold pieces at shops.

Inventory:

Hand Weapons
 f - a +0 triple sword
 h - a +3 short sword
 k - a +0 dagger of freezing
 B - a +0 trident
 M - a +5 spear of freezing
 N - a +1 trident of flaming (weapon)
Missiles
 j - 41 poisoned darts
 K - a throwing net
Armour
 a - a +0 robe
 g - a +0 helmet (worn)
 m - a +0 pair of boots (worn)
 u - a +0 leather armour (worn)
 v - a +2 pair of gloves (worn)
 F - a +1 scale mail of willpower
Jewellery
 x - an amulet of the acrobat (around neck)
 P - a +6 ring of dexterity
Wands
 b - a wand of digging (5)
 o - a wand of flame (16)
 q - a wand of iceblast (3)
Scrolls
 d - 2 scrolls of blinking
 i - a scroll of torment
 l - a scroll of vulnerability
 n - 2 scrolls of teleportation
 p - 3 scrolls of poison
 r - 3 scrolls of enchant weapon
 y - 2 scrolls of immolation
 A - 4 scrolls of noise
 G - 3 scrolls of magic mapping
 J - 6 scrolls of identify
 L - a scroll of amnesia {unknown}
 Q - 2 scrolls of fog {unknown}
 S - a scroll of enchant armour {unknown}
 T - a scroll of silence {unknown}
Potions
 c - 5 potions of curing
 e - 2 potions of lignification
 s - 3 potions of flight
 t - 2 potions of attraction
 w - 3 potions of mutation
 z - a potion of ambrosia
 C - a potion of might
 D - a potion of brilliance
 H - a potion of haste
 O - a potion of resistance {unknown}
Miscellaneous
 E - a phial of floods (inert)


   Skills:
 + Level 12.0 Fighting
 + Level 14.2 Polearms
 - Level 2.8 Dodging
 - Level 2.2 Stealth
 + Level 4.1 Spellcasting
 - Level 12.2 Summonings
 + Level 6.0 Invocations


You had 7 spell levels left.
You knew the following spells:

 Your Spells              Type           Power      Damage    Failure   Level
a - Summon Small Mammal   Summ           100%       N/A       1%          1
b - Call Imp              Summ           90%        N/A       1%          2
c - Call Canine Familiar  Summ           45%        N/A       1%          3
d - Blink                 Tloc           6%         N/A       30%         2
e - Summon Lightning Spi  Summ/Air       24%        N/A       17%         4

Your spell library contained the following spells:

 Spells                   Type           Power      Damage    Failure   Level
 Summon Guardian Golem    Hex/Summ       24%        N/A       4%          3
 Apportation              Tloc           6%         N/A       21%         1
 Foxfire                  Conj/Fire      12%        2x1d4     21%         1
 Freeze                   Ice            12%        1d3       21%         1
 Kiss of Death            Conj/Necr      12%        2d6       21%         1
 Slow                     Hex            12%        N/A       21%         1
 Cigotuvi's Dreadful Rot  Necr/Pois/Air  6%         N/A       30%         2
 Ensorcelled Hibernation  Hex/Ice        6%         N/A       30%         2
 Passwall                 Tmut/Erth      2%         N/A       30%         2
 Confusing Touch          Hex            3%         N/A       52%         3
 Frozen Ramparts          Ice            6%         1d1       52%         3
 Hailstorm                Conj/Ice       3%         3d3       52%         3
 Swiftness                Air            3%         N/A       52%         3
 Vampiric Draining        Necr           3%         2d6       52%         3
 Vhi's Electric Charge    Tloc/Air       6%         N/A       52%         3
 Anguish                  Hex/Necr       1%         N/A       90%         4
 Cause Fear               Hex            1%         N/A       90%         4
 Dispel Undead            Necr           3%         3d7       90%         4
 Manifold Assault         Tloc           3%         N/A       90%         4
 Alistair's Intoxication  Tmut/Pois      2%         N/A       99%         5
 Arcjolt                  Conj/Air       1%         1d11      99%         5
 Fireball                 Conj/Fire      1%         3d3       99%         5
 Death Channel            Necr           1%         N/A       100%        6
 Plasma Beam              Fire/Air       1%         2x1d12    100%        6
 Starburst                Conj/Fire      1%         6d3       100%        6
 Enfeeble                 Hex            1%         N/A       100%        7
 Storm Form               Tmut/Air       1%         N/A       100%        7


Dungeon Overview and Level Annotations

Branches:
Dungeon (10/15)            Temple (1/1) D:4            Lair (2/5) D:8
  Snake (0/4) Lair:2          Orc (0/2) D:10        Ossuary (visited)
  Swamp: Lair:2-3    Shoals: Lair:2-3

Altars:
Ashenzari
Cheibriados
Dithmenos
Elyvilon
Fedhas
Gozag
Hepliaklqana
Kikubaaqudgha
Makhleb
Nemelex Xobeh
Okawaru
Qazlal
Ru
Sif Muna
Trog
Uskayaw
Vehumet
Wu Jian
Xom
Yredelemnul
Zin
The Shining One
Lugonu

Shops:
D:4 *   D:5 ?   D:6 !   D:7 (?   D:9 *


Innate Abilities, Weirdness & Mutations

((You are very nimble when in or above water. (Stealth+, EV+, Speed+++)))
Your lower body shifts to a powerful aquatic tail in water.


Message History

Casting: Call Imp (safe; 1% risk of failure)
Confirm with . or Enter, or press ? or * to list all spells.
You miscast Summon Lightning Spire.
You are very lightly contaminated with residual magic.
Distant voices call out in your mind.
A nameless horror comes into view.
The komodo dragon misses your wolf.
Your wolf barely misses the komodo dragon.
Your cerulean imp hits the komodo dragon but does no damage.
The komodo dragon bites your wolf!
Your wolf completely misses the komodo dragon.
Your wolf bites the komodo dragon but does no damage.
Your cerulean imp closely misses the komodo dragon.
The komodo dragon bites your wolf!
Your wolf dies!
Your wolf's corpse disappears in a puff of smoke!
Send 'em back where they came from!
Your cerulean imp shudders.
The komodo dragon hisses angrily.
Your cerulean imp hits the komodo dragon from afar with a +0 spear.
Send 'em back where they came from!
Your cerulean imp shudders.
Your cerulean imp hits the komodo dragon with a +0 spear.
The komodo dragon closely misses your cerulean imp.
Send 'em back where they came from!
Your cerulean imp shudders.
Your cerulean imp hits the komodo dragon but does no damage.
The komodo dragon bites your cerulean imp!!
Your cerulean imp dies!
Your cerulean imp disappears in a puff of smoke!
The nameless horror misses you.
The komodo dragon hisses angrily.
The nameless horror completely misses you.
You hit the nameless horror but do no damage.
As you read the scroll of teleportation, it crumbles to dust.
You feel strangely unstable.
The nameless horror hits you but does no damage.
The nameless horror barely misses you. The komodo dragon bites you!!
You die...

## #.. ##.##......#. .#.##..
####......## ..../..
#####.....#. .......
#..#.......# #......
#.#......#<. #......
###........... .......#######
###.............
.............###...............
..........†..#@l...............
.............X#........†.......
...............................
...............................
...............................
......†.........#.#............
........P.####P##.........##...
........### #####........##...
#........# ##.......P....


You could see a nameless horror and a komodo dragon.

Vanquished Creatures
  A hydra (Lair:2)
  The ghost of ThereIsNoGod the Martial Artist, a novice OpFi (D:8)
  Pikel (D:5)
  3 elephants (Lair:2)
  Maurice (D:8)
  A black mamba (Lair:2)
  A gargoyle (D:9)
  A kobold demonologist (D:10)
  4 cane toads
  A komodo dragon (Lair:1)
  A troll (D:9)
  2 blink frogs (Lair:1)
  A shadow (D:9)
  2 wyverns (D:9)
  10 yaks
  2 basilisks (Lair:2)
  3 nagas (Lair:2)
  3 water moccasins
  Duvessa (D:5)
  2 nameless horrors
  2 ice beasts
  2 black bears (Lair:1)
  2 orc warriors (D:10)
  9 wolves
  An ogre (D:5)
  A centaur (D:6)
  A phantom (D:7)
  3 kobold brigands
  6 bullfrogs
  Blork the orc (D:5)
  A gnoll sergeant (D:8)
  2 scorpions (D:5)
  A wyvern zombie (D:8)
  4 water moccasin zombies (Ossuary)
  Dowan (D:5)
  3 killer bees (D:7)
  2 crimson imps (D:6)
  3 orc priests
  3 gnoll boudas
  2 hounds
  2 jellies
  3 iguanas
  Ijyb (D:5)
  8 orc wizards
  A mummy (Ossuary)
  A howler monkey zombie (D:8)
  10 gnolls
  4 adders
  A shadow imp (D:7)
  3 ufetubi (D:6)
  A dart slug (D:5)
  17 orcs
  6 ball pythons
  6 endoplasms
  4 giant cockroaches
  2 gnoll zombies (Ossuary)
  2 goblins
  2 hobgoblins
  5 jackals
  4 quokkas
  A training dummy (D:7)
  5 bats
  5 frilled lizards
  A hobgoblin zombie (Ossuary)
  11 kobolds
  2 kobold zombies (Ossuary)
  2 orc zombies (Ossuary)
  4 rats
206 creatures vanquished.

Vanquished Creatures (collateral kills)
  3 two-headed ogres
  An elephant (Lair:2)
  A black mamba (Lair:1)
  A gargoyle (D:8)
  A cane toad (Lair:2)
  A rime drake (D:8)
  A hornet (D:9)
  2 blink frogs (Lair:1)
  3 yaks
  A shadow (D:9)
  A basilisk (Lair:1)
  A swamp worm (Lair:2)
  A water moccasin (D:5)
  3 ice beasts
  A black bear (D:4)
  An ogre (D:6)
  4 wolves
  A centaur (D:9)
  A lemure (D:5)
  3 kobold brigands
  2 scorpions
  A bullfrog (Lair:1)
  3 gnoll sergeants
  2 water moccasin zombies (Ossuary)
  3 killer bees (D:7)
  A crimson imp (D:6)
  2 hounds (D:4)
  A jelly (D:6)
  2 orc wizards (D:9)
  A mummy (Ossuary)
  6 gnolls
  3 adders
  A white imp (D:8)
  An ufetubus (D:7)
  3 adder zombies (Ossuary)
  2 worms
  A dart slug (D:1)
  8 orcs
  3 ball pythons
  4 endoplasms
  A giant cockroach (D:1)
  A goblin (D:3)
  7 hobgoblins
  2 jackals (D:2)
  18 kobolds
  2 training dummies (D:7)
  A frilled lizard (D:2)
  3 gnoll zombies (Ossuary)
  5 hobgoblin zombies (Ossuary)
  2 kobold zombies (Ossuary)
  2 orc zombies (Ossuary)
126 creatures vanquished.

Grand Total: 332 creatures vanquished

Notes
Turn   | Place    | Note
-------+----------+-------------------------------------------
     0 | D:1      | hadoken the Merfolk Summoner began the quest for the Orb.
     0 | D:1      | Reached XP level 1. HP: 13/13 MP: 3/3
   252 | D:1      | Reached XP level 2. HP: 16/19 MP: 5/5
   271 | D:1      | Learned a level 2 spell: Call Imp
   340 | D:1      | Found a faded altar of an unknown god.
   657 | D:1      | Reached XP level 3. HP: 23/24 MP: 1/6
   891 | D:1      | Learned a level 3 spell: Call Canine Familiar
  1775 | D:2      | Found a sacrificial altar of Ru.
  1801 | D:2      | Reached skill level 5 in Summonings
  2573 | D:2      | Reached XP level 4. HP: 30/30 MP: 1/7
  3706 | D:4      | Reached XP level 5. HP: 20/35 MP: 4/8
  4027 | D:4      | Found a staircase to the Ecumenical Temple.
  4034 | D:4      | Reached XP level 6. HP: 41/41 MP: 9/9
  4063 | Temple   | Entered the Ecumenical Temple
  4349 | D:4      | Found a hazy altar of Hepliaklqana.
  4408 | D:4      | Found a glowing golden altar of the Shining One.
  4458 | D:4      | Noticed a black bear
  4469 | D:4      | Killed a black bear
  4518 | D:4      | Learned a level 2 spell: Blink
  4589 | D:4      | Found a hide-covered altar of Uskayaw.
  4593 | D:4      | Found a blossoming altar of Fedhas.
  4608 | D:4      | Became a worshipper of Uskayaw the Reveller
  4658 | D:4      | Found a shimmering blue altar of Sif Muna.
  4795 | D:4      | Found a snail-covered altar of Cheibriados.
  4836 | D:4      | Found Biapt's Neck Hole.
  4928 | D:4      | Found an opulent altar of Gozag.
  5004 | D:4      | Reached * piety under Uskayaw
  5007 | D:4      | Reached ** piety under Uskayaw
  5272 | D:4      | Reached skill level 1 in Polearms
  5316 | D:4      | Reached skill level 1 in Fighting
  5706 | D:5      | Entered Level 5 of the Dungeon
  5812 | D:5      | Noticed Pikel
  5852 | D:5      | Killed Pikel
  5853 | D:5      | Reached skill level 5 in Polearms
  5853 | D:5      | Reached XP level 7. HP: 25/54 MP: 3/10
  5853 | D:5      | Reached XP level 8. HP: 28/60 MP: 3/11
  6230 | D:5      | Noticed Blork the orc
  6244 | D:5      | Killed Blork the orc
  6635 | D:5      | Noticed Duvessa
  6636 | D:5      | Noticed Dowan
  6671 | D:5      | Killed Duvessa
  6672 | D:5      | Reached skill level 5 in Fighting
  6672 | D:5      | Reached skill level 6 in Polearms
  6704 | D:5      | Noticed Ijyb
  6711 | D:5      | Killed Dowan
  6727 | D:5      | Killed Ijyb
  7439 | D:5      | Reached skill level 7 in Polearms
  7750 | D:5      | Found Aneepsio's Magic Scroll Emporium.
  7753 | D:5      | Bought a scroll of noise for 12 gold pieces
  7753 | D:5      | Bought a scroll of magic mapping for 90 gold pieces
  7753 | D:5      | Bought a scroll of teleportation for 36 gold pieces
  7753 | D:5      | Bought a scroll of fear for 48 gold pieces
  7753 | D:5      | Bought a scroll of enchant weapon for 90 gold pieces
  7946 | D:6      | Reached XP level 9. HP: 65/69 MP: 6/12
  8401 | D:6      | Found Kehiurou's Distillery.
  8560 | D:6      | Bought a potion of invisibility for 88 gold pieces
  8728 | D:6      | Found a radiant altar of Vehumet.
  8741 | D:6      | Reached skill level 8 in Polearms
  8953 | D:6      | Found a shimmering altar of Xom.
  9082 | D:6      | Reached skill level 1 in Invocations
  9114 | D:7      | Found Izulaph's Firing Range.
  9148 | D:7      | Found Vaorukk's Magic Scroll Boutique.
  9167 | D:7      | Reached *** piety under Uskayaw
  9174 | D:7      | Reached **** piety under Uskayaw
  9192 | D:7      | Found a sacrificial altar of Ru.
  9253 | D:7      | Found a sand-covered staircase.
  9284 | Ossuary  | Entered an ossuary
  9911 | D:7      | Reached skill level 9 in Polearms
 10160 | D:7      | Reached XP level 10. HP: 80/80 MP: 13/13
 10255 | D:7      | Bought a scroll of teleportation for 39 gold pieces
 10647 | D:8      | Noticed Maurice
 10658 | D:8      | Killed Maurice
 10833 | D:8      | Noticed a two-headed ogre
 10849 | D:8      | Killed a two-headed ogre
 10850 | D:8      | Reached skill level 10 in Polearms
 10850 | D:8      | Reached skill level 10 in Summonings
 11089 | D:8      | Found a runed translucent door.
 11415 | D:8      | Found a staircase to the Lair.
 11418 | D:8      | Noticed a gargoyle
 11435 | D:8      | Killed a gargoyle
 11489 | D:8      | Reached ***** piety under Uskayaw
 11584 | D:8      | Reached skill level 11 in Polearms
 11629 | D:8      | Found a burning altar of Makhleb.
 11642 | D:8      | Found a white marble altar of Elyvilon.
 11881 | D:8      | Found a basalt altar of Yredelemnul.
 11951 | D:8      | Noticed ThereIsNoGod's ghost (novice OpFi)
 11979 | D:8      | Killed ThereIsNoGod's ghost
 11980 | D:8      | Reached XP level 11. HP: 89/89 MP: 6/14
 12098 | D:9      | Learned a level 4 spell: Summon Lightning Spire
 12429 | D:9      | Found Gatod's Fire Supplies.
 12486 | D:9      | Paralysed by a hornet for 2 turns
 12893 | D:9      | Noticed a two-headed ogre
 12903 | D:9      | Killed a two-headed ogre
 12904 | D:9      | Reached skill level 10 in Fighting
 13079 | D:9      | Reached skill level 12 in Polearms
 13838 | D:10     | Entered Level 10 of the Dungeon
 14521 | D:10     | Found a staircase to the Orcish Mines.
 14567 | D:10     | Found a shadowy altar of Dithmenos.
 14668 | D:10     | Noticed a two-headed ogre
 14704 | D:10     | Killed a two-headed ogre
 14876 | D:10     | Noticed a green ugly thing
 15014 | Lair:1   | Entered Level 1 of the Lair of Beasts
 15095 | Lair:1   | Reached skill level 13 in Polearms
 15183 | Lair:1   | Reached XP level 12. HP: 61/100 MP: 12/15
 16409 | Lair:2   | Found a staircase to the Snake Pit.
 16442 | Lair:2   | Reached skill level 5 in Invocations
 16746 | Lair:1   | Reached skill level 14 in Polearms
 17096 | Lair:2   | Noticed a six-headed hydra
 17470 | Lair:2   | Killed a six-headed hydra
 17574 | Lair:2   | HP: 2/102 [komodo dragon (26)]
 17594 | Lair:2   | Demolished by a komodo dragon

Illustrated notes

Levels and vault maps discovered:
D:1:      minmay_arrival_loop, layout_basic, basic_ecumenical_altar,
          reono_crystal_passage
D:2:      layout_loops_ring, basic_altar
D:3:      layout_loops_ring, minmay_starry_boxes
D:4:      cheibrodos_old_hovel, layout_basic, overflow_temple_1_default,
          nicolae_hepliaklqana_hazy_memory, mainiacjoe_overflow_six_doors_small,
          kennysheep_mini_moat, grunt_temple_overflow_diamond,
          minmay_temple_entry_mini_moons, nicolae_shop_sticking_my_neck_out
D:5:      layout_basic, serial_shops, nicolae_shop_rolled_up, uniq_duvessa,
          uniq_blork_the_orc, uniq_pikel, uniq_ijyb
D:6:      layout_basic, led_xom_imps, vehumet_altar_wand_db, serial_shops, shop,
          kennysheep_nub, nicolae_grassy_gnolls
D:7:      layout_cave_pools, mainiacjoe_overflow_surrounded_room, serial_shops,
          shop, chequers_ossuary_entry_cave, nicolae_shop_firing_range
D:8:      layout_basic, mainiacjoe_overflow_large_starburst,
          lemuel_zombie_altar_yredelemnul, hellmonk_lair_entry_icy,
          ebering_ghost_reflecting_pool, minmay_misc_feat_roman, uniq_maurice
D:9:      minmay_recursive_quarters, layout_basic, serial_curves,
          eino_curves_01, eino_curves_03, nicolae_shop_fire_sale
          [nicolae_sub_dead_trees]
D:10:     layout_loops_corners, mainiacjoe_overflow_paths, orc_0_dummy,
          gammafunk_ghost_ooze, minivault_20, hangedman_abyss_or_decor_passed
Temple:   corrupted_temple
Lair:1:   layout_hall_layers, beast_lair_carwin_5, lemuel_fruit_tree,
          serial_bayou_shore_b
Lair:2:   layout_hall_layers, palyth_hydra_swamp_entry,
          minmay_snake_entry_guardpost_small

Skill      XL: |  1  2  3  4  5  6  7  8  9 10 11 12 |
---------------+-------------------------------------+-----
Summonings     | 5 6 7 8 9 10 12 | 12.2
Polearms       | 5 7 9 11 13 14 | 14.2
Fighting       | 4 6 7 9 11 12 | 12.0
Invocations    | 3 4 6 |  6.0
Spellcasting   | 4 |  4.1
Dodging        | |  2.8
Stealth        | |  2.2

Action                     |  1- 3 |  4- 6 |  7- 9 | 10-12 || total
---------------------------+-------+-------+-------+-------++-------
  Melee: Unarmed           |    38 |       |       |       ||    38
         Triple sword      |    45 |       |       |       ||    45
         Dagger            |    61 |   116 |       |       ||   177
         Punch             |     1 |     4 |     3 |    11 ||    19
         Spear             |       |    79 |    64 |   501 ||   644
         Trident           |       |       |   350 |    94 ||   444
         Short sword       |       |       |    10 |       ||    10
   Fire: Sling             |       |     7 |       |       ||     7
  Throw: Throwing net      |       |     1 |       |       ||     1
   Cast: Summon Small Mamm |    17 |     6 |    12 |     8 ||    43
         Call Imp          |    17 |    22 |    41 |    58 ||   138
         Call Canine Famil |     7 |    20 |    43 |    61 ||   131
         Summon Lightning  |       |       |       |    15 ||    15
         Blink             |       |       |       |     1 ||     1
 Invoke: Line Pass         |       |       |     1 |     4 ||     5
         Stomp             |       |       |       |     4 ||     4
  Evoke: Wand              |       |       |     1 |    13 ||    14
         Phial of floods   |       |       |       |     1 ||     1
    Use: Scroll            |       |     7 |     8 |    10 ||    25
         Potion            |       |     1 |     3 |     4 ||     8
   Stab: Sleeping          |     3 |     5 |     4 |     1 ||    13
         Distracted        |       |     1 |     8 |    15 ||    24
         Held in net/web   |       |     1 |       |       ||     1
         Paralysed         |       |       |     1 |    25 ||    26
         Invisible         |       |       |       |     8 ||     8
         Confused          |       |       |       |     2 ||     2
 Armour: Robe              |    57 |    43 |       |       ||   100
         Leather armour    |       |     8 |    95 |    74 ||   177
  Dodge: Dodged            |   131 |   115 |   205 |   224 ||   675

Table legend: (Time is in decaauts)
 A = Elapsed time spent in this place.
 B = Non-inter-level travel time spent in this place.
 C = Inter-level travel time spent in this place.
 D = Time resting spent in this place.
 E = Time spent auto-exploring this place.
 F = Levels seen in this place.
 G = Mean time per level.
                   A        B        C        D        E       F      G
               +--------+--------+--------+--------+--------+-----+--------+
         Total |  17288 |  16424 |    864 |   3272 |   9867 |  14 | 1234.9 |
       Dungeon |  14060 |  13358 |    702 |   2280 |   8403 |  10 | 1406.0 |
        Temple |    266 |    255 |     11 |    200 |     18 |   1 |  266.0 |
          Lair |   2461 |   2310 |    151 |    684 |   1164 |   2 | 1230.5 |
       Ossuary |    500 |    500 |      0 |    107 |    282 |   1 |  500.0 |
               +--------+--------+--------+--------+--------+-----+--------+

Top non-repeatable levels by time:
     D:5: 2227 daAuts
     D:1: 1726 daAuts
     D:4: 1721 daAuts
     D:9: 1654 daAuts
  Lair:1: 1648 daAuts
     D:8: 1453 daAuts
     D:6: 1168 daAuts
     D:7: 1049 daAuts
     D:3: 1038 daAuts
    D:10: 1028 daAuts
     D:2: 993 daAuts
  Lair:2: 812 daAuts
 Ossuary: 500 daAuts
  Temple: 266 daAuts
